 Dungeon Crawl Stone Soup version 0.30.1-8-g117510f58f (webtiles) character file.

Game seed: 7763292700055485131

37399 mainiacjoe the Severer (level 13, -5/183 HPs)
             Began as a Minotaur Fighter on July 20, 2023.
             Was a Follower of Yredelemnul.
             Slain by a salamander
             ... wielding a +0 trident
              (11 damage)
             ... in a volcano on Sept 23, 2023.
             The game lasted 00:46:24 (14541 turns).

mainiacjoe the Severer (Minotaur Fighter)          Turns: 14541, Time: 00:46:25

Health: -5/183     AC: 22    Str: 30    XL:     13   Next: 58%
Magic:  22/22      EV:  7    Int:  5    God:    Yredelemnul [*.....]
Gold:   554        SH: 11    Dex: 12    Spells: 12/12 levels left

rFire   . . .        a - +5 war axe
rCold   . . .        c - +0 kite shield
rNeg    . . .        R - +3 plate armour {Will+}
rPois   .            h - +2 hat
rElec   .            L - +0 cloak
rCorr   .            S - +0 pair of gloves
SInv    .            T - +1 pair of boots
Will    +++..        O - amulet of faith Stlth
                     w - +4 ring of slaying
HPRegen 0.50/turn    s - ring "Touqah" {Will++ Str+6, =R}
MPRegen 0.18/turn

%: faith
@: mighty, berserking, very quick
A: horns 2, retaliatory headbutt
a: Renounce Religion, Recall Undead Harvest


You were in a volcano.
You worshipped Yredelemnul.
Yredelemnul was pleased with you.
You visited 3 branches of the dungeon, and saw 16 of its levels.
You also visited: Volcano.

You collected 1043 gold pieces.
You spent 489 gold pieces at shops.

Inventory:

Hand Weapons
 a - a +5 war axe (weapon)
 b - a +1 hand axe of flaming
Missiles
 e - 36 poisoned darts
 f - 14 boomerangs
 m - 2 throwing nets {=F}
 F - 2 silver boomerangs
 G - 3 javelins
 N - 2 curare-tipped darts {=F}
Armour
 c - a +0 kite shield (worn)
 h - a +2 hat (worn)
 L - a +0 cloak (worn)
 R - a +3 plate armour of willpower (worn)
 S - a +0 pair of gloves (worn)
 T - a +1 pair of boots (worn)
Jewellery
 s - the ring "Touqah" (right hand) {Will++ Str+6, =R}
   (You acquired it on level 10 of the Dungeon)

   [ring of strength]

   Str:       It affects your strength (+6).
   Will:      It greatly increases your willpower.
 w - a +4 ring of slaying (left hand)
 O - an amulet of faith (around neck)
 Q - a ring of poison resistance
Wands
 j - a wand of flame (10)
 q - a wand of digging (12)
 K - a wand of light (18)
 P - a wand of polymorph (5)
 U - a wand of iceblast (6)
 Y - a wand of mindburst (4)
Scrolls
 i - 5 scrolls of teleportation
 k - a scroll of summoning
 l - 2 scrolls of fog
 D - 2 scrolls of fear
 I - 2 scrolls of immolation
 W - a scroll of vulnerability
 X - a scroll of enchant weapon
Potions
 d - 3 potions of might
 n - 6 potions of lignification
 o - 3 potions of flight
 r - 4 potions of ambrosia
 u - 5 potions of heal wounds
 C - 4 potions of attraction
 H - 3 potions of curing
 M - 3 potions of haste
 V - a potion of invisibility


   Skills:
 * Level 13.3 Fighting
 - Level 16.0 Axes
 + Level 5.9 Armour
 * Level 9.9 Shields
 + Level 14.0 Invocations


You had 12 spell levels left.
You didn't know any spells.
Your spell library contained the following spells:

 Spells                   Type           Power      Damage    Failure   Level
 Foxfire                  Conj/Fire      0%         2x1d4     100%        1
 Summon Small Mammal      Summ           0%         N/A       100%        1
 Poisonous Vapours        Pois/Air       0%         N/A       100%        2
 Sublimation of Blood     Necr           0%         N/A       100%        2
 Wereblood                Tmut           0%         N/A       100%        2
 Call Canine Familiar     Summ           0%         N/A       100%        3
 Dazzling Flash           Conj/Hex       0%         N/A       100%        3
 Ignite Poison            Fire/Tmut/Pois 0%         N/A       100%        3
 Mephitic Cloud           Conj/Pois/Air  0%         N/A       100%        3
 Summon Guardian Golem    Hex/Summ       0%         N/A       100%        3
 Vhi's Electric Charge    Tloc/Air       0%         N/A       100%        3
 Sticky Flame             Conj/Fire      0%         2d3       100%        4
 Summon Ice Beast         Ice/Summ       0%         N/A       100%        4
 Agony                    Necr           0%         N/A       100%        5
 Arcjolt                  Conj/Air       0%         1d10      100%        5
 Fireball                 Conj/Fire      0%         3d3       100%        5
 Freezing Cloud           Conj/Ice/Air   0%         6-21      100%        5
 Silence                  Hex/Air        0%         N/A       100%        5
 Summon Mana Viper        Hex/Summ       0%         N/A       100%        5
 Plasma Beam              Fire/Air       0%         2x1d11    100%        6
 Starburst                Conj/Fire      0%         6d3       100%        6
 Malign Gateway           Summ/Tloc      0%         N/A       100%        7
 Monstrous Menagerie      Summ           0%         N/A       100%        7
 Summon Hydra             Summ           0%         N/A       100%        7
 Ignition                 Fire           0%         3d3       100%        8
 Maxwell's Capacitive Co  Air            0%         ∞         100%        8
 Summon Horrible Things   Summ           0%         N/A       100%        8


Dungeon Overview and Level Annotations

Branches:
Dungeon (10/15)            Temple (1/1) D:6            Lair (5/5) D:9
 Shoals (0/4) Lair:2       Spider (0/4) Lair:3        Slime (0/5) Lair:5
    Orc (0/2) D:9         Volcano (1/1)

Altars:
Ashenzari
Cheibriados
Dithmenos
Elyvilon
Fedhas
Gozag
Hepliaklqana
Kikubaaqudgha
Makhleb
Nemelex Xobeh
Okawaru
Qazlal
Ru
Sif Muna
Trog
Uskayaw
Vehumet
Wu Jian
Xom
Yredelemnul
Zin
The Shining One

Shops:
D:9 [


Innate Abilities, Weirdness & Mutations

You have a pair of horns on your head.
You reflexively headbutt those who attack you in melee.


Message History

There is an open door here.
You open the door.
A salamander mystic and 3 salamanders come into view.
The salamander hits you from afar with a +0 halberd!
You are engulfed in flames!
Found a radiant altar of Vehumet.
You feel very mighty all of a sudden.
The salamander hits you from afar with a +0 halberd!
You are engulfed in flames!
The salamander barely misses you. You block the salamander's attack.
The salamander hits you from afar with a +0 trident.
You are engulfed in flames!
There is an open door here.
You are too injured to fight recklessly!
You are too injured to fight recklessly!
You are too injured to fight recklessly!
Unknown command.
You barely miss the salamander. You headbutt the salamander!
The salamander is moderately wounded.
You slash the salamander mystic! You slash the salamander!
The salamander hits you with a +0 halberd!
You are engulfed in flames!
The salamander hits you.
You are engulfed in flames!
* * * LOW HITPOINT WARNING * * *
The salamander hits you from afar with a +0 trident.
* * * LOW HITPOINT WARNING * * *
You are engulfed in flames!
* * * LOW HITPOINT WARNING * * *
The salamander mystic gestures at the salamander while chanting.
The salamander seems to speed up.
A red film seems to cover your vision as you go berserk!
You feel yourself moving faster!
You feel mighty! The salamander barely misses you. You furiously retaliate!
You headbutt the salamander.
The salamander hits you but does no damage.
The salamander hits you from afar with a +0 trident!
* * * LOW HITPOINT WARNING * * *
You are engulfed in flames!
You die...
Your body rises from the dead as a mindless zombie. ≈≈≈§§§≈≈.....§§....Z....§.§≈≈§≈≈§ §§≈§§§≈.########'########Z≈≈§§≈§§ ≈≈≈≈≈≈ #.# #§≈≈§§§§§ #.# #.≈≈≈≈≈≈§ #Z# #Z.≈≈≈≈§≈ #.# #.§§≈≈≈≈§ #Z#.######Z§§§§≈≈§ #Z#......#.§≈§§§≈≈ #@###++###Z≈≈≈≈≈§§ #.NNNN#

#Z≈≈≈≈≈≈§ #.8_8.# #Z≈≈≈≈≈≈≈
+.....+ #§§§≈≈≈≈≈
§§§.#################Z§§≈≈≈≈≈
§≈.≈............Z.Z...≈§≈§≈§≈
§.≈§§≈§§§§≈≈≈§≈≈≈≈.≈≈§§§≈≈≈≈§
≈≈≈§≈≈§≈≈§§≈§≈.§≈≈≈≈§§§§≈≈§≈§
§≈≈≈≈§§≈§§§§≈≈§..≈≈≈≈§§≈≈§§§§


You could see a salamander mystic, 3 salamanders, a friendly fire bat zombie and
2 friendly lava snake zombies.

Vanquished Creatures
  A hydra (Lair:5)
  A boulder beetle (D:8)
  2 catoblepae (Lair:5)
  2 oklob plants (Lair:1)
  3 black mambas
  7 cane toads
  Maggie (D:7)
  A rime drake (Lair:1)
  6 komodo dragons
  2 trolls
  2 polar bears (Lair:4)
  8 blink frogs
  Grinder (D:3)
  8 dream sheep
  Sigmund (D:6)
  A wraith (D:9)
  A wyvern (Lair:2)
  43 yaks
  6 basilisks
  A fire bat (Volcano)
  3 steam dragons
  2 redbacks (Lair:3)
  14 water moccasins
  The ghost of shmup the Firebug, an amateur TeFE (D:4)
  7 orc warriors
  6 black bears
  2 sky beasts
  8 wolves
  2 centaurs (D:9)
  5 kobold brigands
  9 bullfrogs
  A gnoll sergeant (D:9)
  3 scorpions
  A wight (D:7)
  10 killer bees
  An electric eel (Lair:3)
  2 howler monkeys
  A bullfrog zombie (D:4)
  4 lava snakes (Volcano)
  3 jellies
  10 orc priests
  A hound (D:5)
  Crazy Yiuf (D:5)
  A sleepcap (D:4)
  A centaur skeleton (D:4)
  3 iguanas
  Terence (D:3)
  Natasha (thrice) (D:3)
  5 hell rats (Lair:5)
  7 orc wizards
  A killer bee zombie (D:4)
  Robin (D:2)
  4 gnolls
  6 adders
  A shadow imp (D:4)
  A white imp (D:5)
  A worm (D:5)
  5 dart slugs
  32 orcs
  3 endoplasms
  2 giant cockroaches
  10 goblins
  7 hobgoblins
  10 jackals
  33 kobolds
  6 quokkas
  6 ball pythons
  6 bats
  A frilled lizard (D:1)
  7 rats
359 creatures vanquished.

Vanquished Creatures (collateral kills)
  A hydra (Lair:4)
  An oklob plant (Lair:1)
  Joseph (D:7)
  The ghost of Xrynn the Slasher, a novice MiFi (D:7)
  3 cane toads
  2 rime drakes
  2 komodo dragons
  A hornet (D:10)
  5 dream sheep
  11 blink frogs
  11 yaks
  A water moccasin (Lair:4)
  9 wolves
  6 bullfrogs
  A kobold brigand (D:8)
  A gnoll sergeant (D:7)
  6 wights
  2 killer bees (D:8)
  2 orc wizards (D:8)
  A hell rat (Lair:5)
  2 gnolls (D:7)
  9 orcs
  2 kobolds (D:10)
  A butterfly (Lair:4)
82 creatures vanquished.

Vanquished Creatures (others)
  A catoblepas zombie (Lair:5)
  A black mamba zombie (Lair:4)
  2 blink frog zombies (Lair:1)
  4 dream sheep zombies (Lair:2)
  A komodo dragon zombie (Lair:2)
  A water moccasin zombie (Lair:2)
  7 yak zombies
  4 wolf zombies
  3 bullfrog zombies
  5 killer bee zombies
  2 hell rat zombies (Lair:5)
  A howler monkey zombie (D:9)
  A steam dragon zombie (D:8)
  4 orc zombies
  2 lava snake zombies (Volcano)
  2 gnoll zombies (D:9)
  2 kobold zombies (D:10)
43 creatures vanquished.

Grand Total: 484 creatures vanquished

Notes
Turn   | Place    | Note
-------+----------+-------------------------------------------
     0 | D:1      | mainiacjoe the Minotaur Fighter began the quest for the
                  | Orb.
     0 | D:1      | Reached XP level 1. HP: 19/19 MP: 0/0
    27 | D:1      | Reached skill level 3 in Axes
    27 | D:1      | Reached XP level 2. HP: 27/27 MP: 1/1
   100 | D:1      | Found a faded altar of an unknown god.
   469 | D:1      | Reached XP level 3. HP: 33/33 MP: 2/2
   871 | D:2      | Reached skill level 4 in Axes
   903 | D:2      | Noticed Robin
   913 | D:2      | Killed Robin
  1007 | D:2      | Reached XP level 4. HP: 41/41 MP: 3/3
  1394 | D:3      | Found a blossoming altar of Fedhas.
  1397 | D:3      | Found an ancient bone altar of Kikubaaqudgha.
  1414 | D:3      | Reached skill level 5 in Axes
  1433 | D:3      | Noticed Terence
  1449 | D:3      | Killed Terence
  1657 | D:3      | Found a shadowy altar of Dithmenos.
  1688 | D:3      | Reached skill level 5 in Fighting
  1688 | D:3      | Reached XP level 5. HP: 23/48 MP: 4/4
  1845 | D:3      | Found an iron altar of Okawaru.
  1846 | D:3      | Noticed Grinder
  1848 | D:3      | Noticed Natasha
  1863 | D:3      | Killed Natasha
  1866 | D:3      | Killed Grinder
  1867 | D:3      | Reached skill level 7 in Axes
  1867 | D:3      | Reached XP level 6. HP: 45/57 MP: 5/5
  1986 | D:3      | Noticed Natasha
  1997 | D:3      | Killed Natasha
  2066 | D:3      | Noticed Natasha
  2072 | D:3      | Killed Natasha
  2215 | D:4      | Found a bloodstained altar of Trog.
  2215 | D:4      | Found an opulent altar of Gozag.
  2216 | D:4      | Found a sacrificial altar of Ru.
  2462 | D:4      | Reached XP level 7. HP: 55/63 MP: 6/6
  2560 | D:4      | Found a transporter.
  2562 | D:4      | Noticed shmup's ghost (amateur TeFE)
  2563 | D:4      | Found a transporter.
  2595 | D:4      | Reached skill level 8 in Axes
  2660 | D:4      | Killed shmup's ghost
  2946 | D:5      | Entered Level 5 of the Dungeon
  2958 | D:5      | Reached skill level 9 in Axes
  2961 | D:5      | Found a hazy altar of Hepliaklqana.
  3057 | D:5      | Found a shimmering blue altar of Sif Muna.
  3058 | D:5      | Found a stormy altar of Qazlal.
  3227 | D:5      | Reached XP level 8. HP: 73/73 MP: 7/7
  3422 | D:5      | Found a runed translucent door.
  3423 | D:5      | Noticed Crazy Yiuf
  3561 | D:5      | Reached skill level 10 in Axes
  3625 | D:5      | Found a glowing golden altar of the Shining One.
  3979 | D:6      | Noticed Sigmund
  3981 | D:6      | Killed Sigmund
  4029 | D:6      | Identified the +2 robe of the Swan {Contam Rampage rC-
                  | Will+++}
  4036 | D:6      | Upgraded the game from 0.30.1-3-gfc49f6343a to
                  | 0.30.1-6-gbe392663c4
  4076 | D:6      | Identified the +11 sling "Gyaninu" {freeze, Drain Str+4
                  | Int+2}
  4119 | D:6      | Found a staircase to the Ecumenical Temple.
  4123 | Temple   | Entered the Ecumenical Temple
  4303 | Temple   | Became a worshipper of Yredelemnul the Dark
  4896 | D:7      | Reached skill level 1 in Invocations
  4936 | D:7      | Noticed Maggie
  4946 | D:7      | Killed Maggie
  4946 | D:7      | Reached * piety under Yredelemnul
  4947 | D:7      | Reached skill level 11 in Axes
  4970 | D:7      | Reached XP level 9. HP: 82/82 MP: 9/9
  4983 | D:7      | Found a runed translucent door.
  4984 | D:7      | Noticed Xrynn's ghost (novice MiFi)
  5078 | D:7      | Reached ** piety under Yredelemnul
  5292 | D:7      | Reached skill level 12 in Axes
  5540 | D:7      | Reached *** piety under Yredelemnul
  5722 | D:7      | Noticed Joseph
  5734 | D:7      | Killed Joseph
  5958 | D:7      | Killed Xrynn's ghost
  6071 | D:8      | Reached skill level 13 in Axes
  6071 | D:8      | Noticed a boulder beetle
  6092 | D:8      | Killed a boulder beetle
  6093 | D:8      | Reached skill level 10 in Fighting
  6093 | D:8      | Reached skill level 5 in Invocations
  6093 | D:8      | Reached XP level 10. HP: 57/93 MP: 12/12
  6661 | D:8      | Reached skill level 14 in Axes
  6891 | D:8      | Reached **** piety under Yredelemnul
  7572 | D:9      | Found Tuanoc's Armour Shoppe.
  7595 | D:9      | Bought a +2 plate armour of willpower for 440 gold pieces
  7595 | D:9      | Bought a +0 pair of gloves for 49 gold pieces
  7905 | D:9      | Reached skill level 15 in Axes
  7908 | D:9      | Reached ***** piety under Yredelemnul
  7964 | D:9      | Upgraded the game from 0.30.1-6-gbe392663c4 to
                  | 0.30.1-8-g117510f58f
  8036 | D:9      | Found a staircase to the Orcish Mines.
  8520 | D:9      | Found a staircase to the Lair.
  8670 | D:10     | Entered Level 10 of the Dungeon
  8677 | D:10     | Reached XP level 11. HP: 86/99 MP: 15/15
  8926 | D:10     | Reached skill level 16 in Axes
  8952 | D:10     | Reached ****** piety under Yredelemnul
  8987 | D:10     | Paralysed by a hornet for 3 turns
  9725 | D:10     | Identified a scroll of acquirement
  9726 | D:10     | Acquired the ring "Touqah" {Will++ Str+6}
  9906 | D:5      | Killed Crazy Yiuf
 10079 | Lair:1   | Entered Level 1 of the Lair of Beasts
 10119 | Lair:1   | Reached skill level 10 in Invocations
 10291 | Lair:1   | Noticed an oklob plant
 10293 | Lair:1   | Noticed an oklob plant
 10294 | Lair:1   | Noticed an oklob plant
 10329 | Lair:1   | Killed an oklob plant
 10330 | Lair:1   | Reached XP level 12. HP: 67/106 MP: 9/20
 10999 | Lair:2   | Reached skill level 5 in Shields
 11311 | Lair:2   | Found a staircase to the Shoals.
 12759 | Lair:3   | Found a hole to the Spider Nest.
 12929 | Lair:4   | Reached XP level 13. HP: 91/118 MP: 22/22
 13286 | Lair:4   | Reached skill level 5 in Armour
 13847 | Lair:5   | Entered Level 5 of the Lair of Beasts
 13905 | Lair:5   | Found a dark tunnel.
 14163 | Volcano  | Entered a volcano
 14537 | Volcano  | Found a radiant altar of Vehumet.
 14541 | Volcano  | HP: 6/183 [salamander/+0 trident (13)]
 14541 | Volcano  | Slain by a salamander

Illustrated notes

Levels and vault maps discovered:
D:1:      amcnicky_arrival_feature_with_door, layout_basic,
          shapermc_ecumenical_altar_gd
D:2:      layout_rooms, uniq_robin
D:3:      layout_basic, grunt_temple_overflow_growth_and_decay, okawaru_trees_1,
          mainiacjoe_overflow_concentric_impassable, uniq_terence, uniq_grinder,
          uniq_natasha
D:4:      layout_basic, gammafunk_temple_overflow_claw,
          gammafunk_ghost_mausoleum, chequers_serial_rivers_micro_b,
          chequers_hall_statues_wall_a
D:5:      layout_loops_corners, lemuel_round_altar,
          nicolae_overflow_crystal_walls,
          chequers_temple_overflow_statue_of_worship,
          hangedman_abyss_or_decor_jellyfish_corner, serial_bayou_lake_a,
          uniq_crazy_yiuf_cottage
D:6:      layout_loops_ring, minmay_temple_entry_grid, chequers_jeans,
          uniq_sigmund
D:7:      layout_gridville, gammafunk_ghost_grave, uniq_joseph, uniq_maggie
D:8:      layout_layer_cave, minmay_joined_circles
D:9:      layout_loops_ring, grunt_lair_entry_orc_guard_hut,
          minmay_orc_entry_temple_small, serial_shops, shop
D:10:     layout_long_grid, st_stairs_7
Temple:   chequers_temple_sunken
Lair:1:   minmay_lair_oklob_chamber, layout_big_grid
Lair:2:   layout_regular_city, shoals_dummy_entry, beast_lair_carwin_10,
          grunt_megastairs_4, lemuel_fruit_tree
Lair:3:   layout_misc_corridors, spider_nest_entry_webs,
          dreamdust_mushroom_princess, infiniplex_staircase_pool
Lair:4:   layout_cave_shapes, infiniplex_staircase_pool_2, grunt_megastairs_2,
          lemuel_fruit_fields
Lair:5:   hellmonk_lair_end_abyssal_woods, layout_gridlike,
          minmay_slime_entry_oklob_enclosed, nicolae_volcano_entry_lava_flow,
          chequers_serial_rivers_large_b, grunt_megastairs_3
Volcano:  volcano_lake [vl_original]

Skill      XL: |  1  2  3  4  5  6  7  8  9 10 11 12 13 |
---------------+----------------------------------------+-----
Axes           | 3 4 5 7 9 11 13 15 16 | 16.0
Fighting       | 4 5 6 7 8 10 12 13 | 13.3
Invocations    | 2 5 7 12 13 14 | 14.0
Shields        | 7 9 |  9.9
Armour         | 4 5 |  5.9

Action                     |  1- 3 |  4- 6 |  7- 9 | 10-12 | 13-15 || total
---------------------------+-------+-------+-------+-------+-------++-------
  Melee: War axe           |    66 |   110 |   176 |   395 |    94 ||   841
         Headbutt          |    12 |    20 |    41 |    89 |    25 ||   187
         Hand axe          |       |       |       |       |    20 ||    20
  Throw: Stone             |     9 |       |       |       |       ||     9
         Javelin           |       |       |     1 |       |       ||     1
 Invoke: Dark Bargain      |       |       |     5 |    10 |       ||    15
         Drain Life        |       |       |       |     1 |       ||     1
  Evoke: Wand              |       |       |     4 |     1 |       ||     5
    Use: Scroll            |     1 |     5 |     9 |    14 |     2 ||    31
         Potion            |       |     1 |       |     1 |     2 ||     4
   Stab: Distracted        |       |       |     2 |     6 |     4 ||    12
         Petrified         |       |       |       |       |     4 ||     4
         Petrifying        |       |       |       |       |     1 ||     1
 Armour: Scale mail        |    30 |    22 |       |       |       ||    52
         Chain mail        |       |    42 |    51 |       |       ||    93
         Steam dragon scal |       |       |    18 |    20 |       ||    38
         Plate armour      |       |       |       |   162 |    53 ||   215
  Dodge: Dodged            |    34 |    38 |    66 |    91 |    29 ||   258
  Block: Buckler           |     9 |    29 |    33 |    44 |       ||   115
         Kite shield       |       |       |       |    50 |    47 ||    97
